General information
- name: BNet
- type: Ladder team game (AT/RT)
- host: Battle.net
- saver: TowerLover
map: DragonFalls
- players: 8
- length: 02:37
- speed: Fast
- version: 1.26 W3XP
- replay type: Public
» download(12 KB)
Players
team 1 (winner)

»
nwordsinparis (
orange | 36 APM | 95 actions | 02:37)
» actions
| Build / train | 9 | |
| Enter build submenu | 7 | |
| Right click | 14 | |
| Select / deselect | 55 | |
| Use ability | 10 | |
95 total
» units
» buildings
| Moon Well | 4 | |
| Altar of Elders | 1 | |
| Ancient of War | 2 | |
| Hunter's Hall | 1 | |
8 total
» build order
00:14 Moon Well
00:20 Moon Well
00:26 Altar of Elders
01:25 Ancient of War
01:39 Hunter's Hall
01:54 Moon Well
01:56 Moon Well
02:15 Ancient of War
LoveLoveLove (
green | 47 APM | 121 actions | 02:35)
1 Blood Mage
1 Flame Strike
» actions
| Assign group hotkey | 11 | |
| Build / train | 29 | |
| Enter build submenu | 5 | |
| Enter hero's abilities submenu | 1 | |
| Right click | 32 | |
| Select / deselect | 31 | |
| Select group hotkey | 8 | |
| Use ability | 4 | |
121 total
» units
» buildings
| Altar of Kings | 1 | |
| Barracks | 1 | |
| Farm | 2 | |
4 total
» build order
00:15 Altar of Kings
00:18 Barracks
00:22 Farm
00:54 Farm

»
2thache (
pink | 27 APM | 71 actions | 02:37)
» actions
| Build / train | 8 | |
| Enter build submenu | 6 | |
| Right click | 23 | |
| Select / deselect | 28 | |
| Use ability | 6 | |
71 total
» units
| Acolyte | 3 | |
| Ghoul | 1 | |
| Crypt Fiend | 2 | |
6 total
» buildings
| Graveyard | 1 | |
| Crypt | 1 | |
| Ziggurat | 3 | |
| Altar of Darkness | 1 | |
| Nerubian Tower | 1 | |
7 total
» build order
00:17 Graveyard
00:22 Crypt
00:34 Ziggurat
01:08 Altar of Darkness
01:35 Ziggurat
01:38 Ziggurat
02:36 Nerubian Tower
d5auto (
teal | 30 APM | 79 actions | 02:37)
» actions
| Build / train | 18 | |
| Enter build submenu | 7 | |
| Remove unit from queue | 1 | |
| Right click | 20 | |
| Select / deselect | 24 | |
| Use ability | 9 | |
79 total
» units
» buildings
| Altar of Elders | 1 | |
| Moon Well | 3 | |
| Ancient of War | 2 | |
| Ancient of Wonders | 1 | |
7 total
» build order
00:25 Altar of Elders
00:39 Moon Well
01:15 Ancient of War
01:39 Moon Well
01:44 Moon Well
02:09 Ancient of Wonders
02:23 Ancient of War
team 2 (loser)
manbearpig54 (
blue | 24 APM | 63 actions | 02:37)
» actions
| Build / train | 13 | |
| Enter build submenu | 5 | |
| Right click | 17 | |
| Select / deselect | 22 | |
| Use ability | 6 | |
63 total
» units
» buildings
| Moon Well | 3 | |
| Altar of Elders | 1 | |
| Ancient of War | 1 | |
5 total
» build order
00:39 Moon Well
00:45 Altar of Elders
01:37 Moon Well
01:54 Ancient of War
02:17 Moon Well
TowerLover (
red | 27 APM | 71 actions | 02:37)
» actions
| Build / train | 17 | |
| Enter build submenu | 7 | |
| Right click | 27 | |
| Select / deselect | 14 | |
| Use ability | 6 | |
71 total
» units
» buildings
| Farm | 2 | |
| Scout Tower | 3 | |
| Arcane Tower | 1 | |
| Lumber Mill | 1 | |
7 total
» build order
01:06 Farm
01:10 Farm
01:22 Scout Tower
01:25 Scout Tower
01:27 Scout Tower
01:56 Arcane Tower
02:05 Lumber Mill

»
SoitS2012 (
yellow | 24 APM | 49 actions | 02:00)
» actions
| Build / train | 10 | |
| Enter build submenu | 5 | |
| Right click | 15 | |
| Select / deselect | 14 | |
| Use ability | 5 | |
49 total
» units
» buildings
| Altar of Kings | 1 | |
| Farm | 2 | |
| Blacksmith | 1 | |
| Barracks | 1 | |
5 total
» build order
00:06 Altar of Kings
00:26 Farm
01:07 Blacksmith
01:48 Barracks
01:53 Farm

»
michance (
purple | 22 APM | 46 actions | 02:06)
» actions
| Build / train | 10 | |
| Enter build submenu | 5 | |
| Right click | 11 | |
| Select / deselect | 16 | |
| Use ability | 4 | |
46 total
» units
» buildings
| Altar of Kings | 1 | |
| Farm | 2 | |
| Barracks | 1 | |
4 total
» build order
00:14 Altar of Kings
00:17 Farm
00:28 Barracks
00:57 Farm
Chat log
(00:15 / Allies) SoitS2012: god damn it red
(00:17 / Allies) SoitS2012: dont tower
(00:37 / Allies) TowerLover: Is there something intrinsicly wrong with towers or something?
(00:46 / Allies) SoitS2012: they cant move
(00:50 / Allies) michance: you just heard it from the best
(00:50 / Allies) TowerLover: I happen to think they're very good structures
(00:52 / Allies) michance: well said
(01:01 / Allies) michance: inate structures
(01:10 / Allies) SoitS2012: defence
(01:17 / Allies) SoitS2012: structures
(01:18 / Allies) TowerLover: The best offense is a good defense
(01:31 / Allies) michance: think you got htat one mixed up a bit
(01:33 / Allies) SoitS2012: you are the worst...
(01:34 / All) SoitS2012: gg
(01:38 / Allies) michance: just let him do it fuck it
(01:39 / All) michance: fuck off fagget
(01:41 / Allies) SoitS2012: of his own
(01:51 / Allies) michance: oh shit
(01:54 / Allies) TowerLover: Don't worry I'll tower in their too if I get just half the chance
(01:56 / Allies) michance: i thought he meant them. ok what?